cohdb
Replays
Latest Replays
All Replays
Popular Replays
Top Player Replays
Match Explorer
How It Works
Community
CoH3 Stats
Reddit
Sign in to upload your games and track your stats! →
Sign in with Steam
Match 41545889
Unlisted
Match 41545889
Overview
Messages
Build Orders
End
Panzergrenadier Squad
Selects Italian Infantry
Kradschützen Motorcycle Team
Panzergrenadier Squad
Panzergrenadier Squad
Selects Defensive Operations
Panzerpioneer Squad
Construct Light Support Kompanie
[DGG] Bayerische
[DGG]Coca Mousse
Tacos de Tripas
Particycles
Anevan
Peruz
0
0
Comments
sign in to comment!
No comments posted yet!